 Dungeon Crawl Stone Soup version 0.16-a0-1982-g8124c91 (webtiles) character file.

245446 Kraw the Fencer (level 19, 0/153 HPs)
             Began as a Demonspawn Gladiator on Nov 7, 2014.
             Was the Champion of Qazlal.
             Killed from afar by a hellion (23 damage)
             ... with a burst of hellfire
             ... on level 1 of the Abyss on Nov 9, 2014.
             The game lasted 06:32:13 (48115 turns).

Kraw the Fencer (Demonspawn Gladiator)             Turns: 48115, Time: 06:32:14

Health: 0/153      AC: 46    Str: 19 (20) XL:     19   Next: 17%
Magic:  30/32      EV:  7    Int: 11      God:    Qazlal [******]
Gold:   2539       SH:  8    Dex: 13      Spells: 0 memorised, 18 levels left

rFire  + . .     SeeInvis +     a - +5 double sword (flame)
rCold  + . .     Clarity  .     c - +10 plate armour of Tedu {rF+}
rNeg   . . .     SustAb   .     (no shield)
rPois  +         Gourm    .     (helmet unavailable)
rElec  .         Spirit   .     o - +0 cloak
rCorr  .         Warding  .     x - +0 pair of gloves
rMut   .         Stasis   .     J - +2 pair of boots of Deadave {Slay+3}
MR     +....                    p - amulet of regeneration
Stlth  ..........               K - ring of see invisible
                                T - ring of poison resistance

@: protected from physical damage, very slightly contaminated, non-regenerating,
mildly diseased, hasted, repel missiles, very quick, somewhat resistant to
hostile enchantments, extremely unstealthy
A: horns 3, talons 1, rough black scales 3, cold resistance 1, powered by death
2, spiny 2
a: Upheaval, Elemental Force, Disaster Area, Renounce Religion
}: 1/15 runes: gossamer


You were on level 1 of the Abyss.
You worshipped Qazlal.
Qazlal was exalted by your worship.
You were hungry.

You visited 8 branches of the dungeon, and saw 40 of its levels.
You visited the Abyss 1 time.
You visited 1 bazaar.
You also visited: Labyrinth.

You collected 4209 gold pieces.
You spent 1670 gold pieces at shops.

Inventory:

Hand weapons
 a - a +5 double sword of flaming (weapon)
 b - a +6 blowgun
 P - a +2 triple sword of slicing
Missiles
 j - 19 poisoned needles
 y - 20 javelins of penetration (quivered)
 S - 7 needles of frenzy
 W - 20 curare-tipped needles
Armour
 c - the +10 plate armour of Tedu (worn) {rF+}
   (You acquired it on level 7 of the Lair of Beasts)

   It protects you from fire.
 o - a +0 cloak (worn)
 x - a +0 pair of gloves (worn)
 J - the +2 pair of boots of Deadave (worn) {Slay+3}
   (You bought it in a shop on level 1 of the Elven Halls)

   It affects your accuracy and damage with ranged weapons and melee attacks
   (+3).
Rods
 q - a +2 lightning rod (14/14)
   (You took it off a minotaur in a labyrinth)
 w - a +1 rod of the swarm (14/14)
   (You took it off a deep elf demonologist on level 2 of the Elven Halls)
Jewellery
 i - an uncursed ring of positive energy
 p - an amulet of regeneration (around neck)
 u - an uncursed ring of protection from cold
 G - an uncursed ring of protection from cold
 K - a ring of see invisible (right hand)
 Q - an uncursed amulet of resist mutation
 T - a ring of poison resistance (left hand)
 U - the amulet "Hik Skia" {Ward rN+ Dex+2}
   (You took it off a deep elf demonologist on level 2 of the Elven Halls)

   [amulet of warding]

   It may prevent the melee attacks of summoned creatures.
   It affects your dexterity (+2).
   It protects you from negative energy.
 Z - an uncursed amulet of stasis
Magical devices
 v - a wand of hasting (3)
 A - a wand of teleportation (0)
 D - a wand of heal wounds (5)
 F - a wand of teleportation (1)
 H - a wand of digging (20)
 Y - a wand of teleportation (3)
Scrolls
 g - 8 scrolls of teleportation
 k - a scroll of summoning
 m - 6 scrolls of fog
 s - 3 scrolls of magic mapping
 C - 2 scrolls of silence
 E - 3 scrolls of identify
 I - 3 scrolls of fear
 M - 6 scrolls of blinking
 R - a scroll of enchant armour
 X - 8 scrolls of remove curse
Potions
 d - 4 potions of curing
 e - 3 potions of haste
 h - 4 potions of cancellation
 l - 8 potions of heal wounds
 n - 7 potions of cure mutation
 t - 3 potions of might
 B - 8 potions of restore abilities
 L - 4 potions of flight
 N - 2 potions of berserk rage
 V - 4 potions of agility
Comestibles
 f - 14 bread rations
 r - 4 meat rations
 z - 23 royal jellies


   Skills:
 - Level 14.7 Fighting
 + Level 20.6 Long Blades
 - Level 8.0 Throwing
 - Level 15.0 Armour
 - Level 7.1 Dodging
 - Level 11.9 Invocations


You had 18 spell levels left.
You didn't know any spells.

Dungeon Overview and Level Annotations

Branches:
Dungeon (15/15)            Temple (1/1) D:6            Lair (8/8) D:9
 Shoals (3/5) Lair:6       Spider (5/5) Lair:3        Slime (0/6) Lair:8
    Orc (4/4) D:12            Elf (3/3) Orc:4        Vaults (0/5) D:13
 Depths (1/5) D:15

Altars:
Dithmenos
Gozag
Kikubaaqudgha
Makhleb
Okawaru
Qazlal
Ru
Sif Muna
Yredelemnul
Beogh

Shops:
D:4 (   D:10 ?   D:12 !   Orc:1 ?   Orc:4 [?:*   Elf:1 [*(   Elf:2 *
Shoals:3 }[!

Annotations:
Depths:1 Wiglaf


Innate Abilities, Weirdness & Mutations

You have a pair of large horns on your head.
You are completely covered in rough black scales (AC +10, Dex -3).
Your flesh is cold resistant.
You can steal the life force of defeated enemies.
You are mostly covered in sharp spines.
You have sharp toenails.


Message History

You feel yourself speed up.
You are very lightly contaminated with residual magic.
Evoking this partially-identified wand wasted a few charges.
A starcursed mass splits.
The starcursed mass is struck by your spines.
The starcursed mass engulfs you but does no damage.
The starcursed mass shudders and is absorbed by its neighbour.
You block the starcursed mass' attack.
An ufetubus comes into view.
The ufetubus shouts!
The starcursed mass is engulfed in roaring flames.
You destroy the starcursed mass!
A neqoxec comes into view.
The starcursed mass is engulfed in freezing vapours.
The starcursed mass shudders and is absorbed by its neighbour.
A chorus of shrieks assaults your mind.
* * * LOW HITPOINT WARNING * * *
The hellion gestures at you.
The hellfire explodes!
The burst of hellfire engulfs you!
You die...

#.# .... .... #..#
##.#. #...#.#3...
######..#.#..... .
..................#
......§..§......#..#
...#....@§.......#..
.........5##.#... X #
..#...2..## .§ #.
#.#....X.# # # ..##.
#.......§###.#..#)#..
#.......X..X...... #
.##.#.####.#..##.#. #
#### # ## ..X # # #.
##.. #


You could see 2 starcursed masses, a hellion, a neqoxec and an ufetubus.

Vanquished Creatures
  A bone dragon (Abyss:1)
  Arachne (Spider:2)
  2 deep elf blademasters
  Asterion (Elf:1)
  Polyphemus (Shoals:2)
  An Executioner (Elf:2)
  Rupert (Spider:3)
  Donald (Orc:3)
  A balrug (Abyss:1)
  4 ghost moths (Spider:5)
  Aizul (Elf:3)
  6 emperor scorpions
  A deep elf sorcerer (Elf:1)
  Jorgrun (Shoals:2)
  A stone giant (D:15)
  A very ugly thing (Abyss:1)
  4 deep elf demonologists
  5 deep elf annihilators
  A merfolk javelineer (Shoals:3)
  Snorg (Orc:3)
  A minotaur (Lab)
  A blizzard demon (Abyss:1)
  A fire dragon (Lair:8)
  A quicksilver dragon zombie (Abyss:1)
  4 merfolk impalers
  The ghost of Emanloe the Cleaver, a powerful MiBe of Trog (Spider:1)
  Harold (D:10)
  11 hydras
  A merfolk avatar (Shoals:2)
  2 centaur warriors
  An alligator snapping turtle (Shoals:2)
  18 death yaks
  18 dancing weapons
  2 merfolk aquamancers
  8 orc high priests
  A vampire mage (D:15)
  A thrashing horror (Abyss:1)
  2 catoblepae
  A wretched star (Abyss:1)
  The ghost of ztt the Cleaver, an experienced VSBe of Trog (Lair:4)
  Erolcha (D:9)
  7 sea snakes
  5 skeletal warriors
  15 deep elf knights
  2 shadow demons (Elf:2)
  2 unseen horrors
  10 deep elf summoners
  9 starcursed masses (Abyss:1)
  5 large abominations
  A flayed ghost (Abyss:1)
  7 hill giants
  17 deep elf conjurers
  7 orc knights
  A faun (Shoals:2)
  2 necromancers
  3 sixfirhies
  2 lindwurms (Lair:8)
  5 manticores
  The ghost of Yukai the Covert, an experienced VSAs of Dithmenos (D:8)
  22 orb spiders
  16 harpies
  5 red wasps
  6 griffons
  A red wasp (shapeshifter) (D:14)
  2 cyclopes
  4 ugly things
  27 wolf spiders
  2 orc sorcerers
  9 sirens
  A guardian serpent (Lair:8)
  Maurice (Orc:2)
  6 small abominations
  3 elephants
  3 smoke demons (Abyss:1)
  8 torpor snails
  4 black mambas (Lair:8)
  18 spiny frogs
  A gargoyle (D:14)
  3 kobold demonologists
  A spiny frog (shapeshifter) (Elf:2)
  3 orange demons
  Psyche (Orc:4)
  A fire drake (Lair:6)
  2 efreet
  6 deep elf priests
  11 komodo dragons
  3 ancient zymes (Abyss:1)
  14 demonic crawlers
  22 jumping spiders
  A spriggan skeleton (D:15)
  A minotaur zombie (D:15)
  4 hellwings
  A two-headed ogre (shapeshifter) (Orc:4)
  2 two-headed ogres
  A tengu conjurer (D:15)
  A guardian mummy (D:15)
  A queen bee (Lair:2)
  A blue devil (Elf:2)
  2 sea snake skeletons (Shoals:1)
  3 freezing wraiths
  Sonja (Orc:3)
  A polar bear (Lair:6)
  5 trolls
  2 wind drakes (Shoals:1)
  20 blink frogs
  13 merfolk
  3 boulder beetles
  A raiju (Abyss:1)
  A slime creature (D:11)
  4 ravens
  3 giant leeches (Lair:8)
  4 snapping turtles
  2 basilisks
  An ice dragon skeleton (D:15)
  4 shadows
  26 trapdoor spiders
  28 redbacks
  A tarantella (shapeshifter) (Elf:3)
  3 wraiths
  An ettin skeleton (D:15)
  22 yaks
  10 water elementals
  5 wyverns
  3 ynoxinuls
  Eustachio (D:8)
  34 deep elf magi
  A human (shapeshifter) (Elf:1)
  11 hippogriffs
  16 tarantellas
  4 golden eyes (Abyss:1)
  Grum (D:10)
  3 hungry ghosts
  A steam dragon (D:12)
  A soldier ant (D:14)
  A chaos spawn (Abyss:1)
  23 deep elf fighters
  21 wolves
  23 water moccasins
  A merfolk zombie (Shoals:1)
  2 wargs (Orc:3)
  8 porcupines
  6 ice beasts
  46 orc warriors
  30 spiders
  17 yellow wasps
  2 boggarts (Elf:2)
  6 ogres
  18 centaurs
  3 sky beasts
  A manticore zombie (Shoals:1)
  3 necrophages
  12 crocodiles
  3 phantoms
  A snapping turtle skeleton (Shoals:1)
  4 brain worms (Lair:8)
  2 boring beetles
  A wind drake simulacrum (Shoals:1)
  3 big kobolds
  Blork the orc (Orc:1)
  18 giant frogs
  A gnoll sergeant (D:10)
  A cyclops skeleton (D:9)
  5 scorpions
  2 wights (Abyss:1)
  25 killer bees
  10 electric eels
  8 jellies
  7 crimson imps
  The ghost of timbw the Caller, a weakling HESu (D:4)
  A quasit (D:11)
  11 hounds
  A soldier ant zombie (D:10)
  An elf skeleton (D:11)
  38 orc wizards
  44 orc priests
  11 iguanas
  An iron imp (Abyss:1)
  5 orange rats
  14 worker ants
  3 yak simulacra (D:13)
  A killer bee zombie (D:9)
  3 wolf simulacra (D:13)
  3 polar bear simulacra (D:13)
  13 sheep
  Ijyb (D:2)
  Jessica (D:2)
  A hound skeleton (D:10)
  4 mummies
  17 gnolls
  5 orc zombies
  31 adders
  112 green rats
  2 giant mites
  A white imp (Abyss:1)
  19 worms
  4 shadow imps
  3 ufetubi
  8 giant geckos
  8 oozes
  212 orcs
  7 giant cockroaches
  21 goblins
  23 hobgoblins
  14 jackals
  2 ball pythons
  7 bats
  2 giant gecko skeletons
  10 giant newts
  3 giant spores
  2 green rat simulacra (D:13)
  A hobgoblin skeleton (D:3)
  A hobgoblin zombie (D:8)
  A jackal skeleton (D:8)
  25 kobolds
  An orc skeleton (D:9)
  15 quokkas
  A quokka skeleton (D:10)
  41 rats
  2 rat zombies
  7 ballistomycetes
  2 bushes
  A butterfly (Lair:1)
  2 crawling corpses (Elf:2)
  58 fungi
  88 plants
1908 creatures vanquished.

Vanquished Creatures (others)
  Josephine (Shoals:1)
  7 drowned souls (Shoals:2)
  A jumping spider (Spider:1)
  A redback (Spider:5)
  A tarantella (Spider:5)
  An electric eel (D:15)
  8 fungi
  7 plants
27 creatures vanquished.

Grand Total: 1935 creatures vanquished

Notes
Turn   | Place    | Note
--------------------------------------------------------------
     0 | D:1      | Kraw, the Demonspawn Gladiator, began the quest for the Orb.
     0 | D:1      | Reached XP level 1. HP: 16/16 MP: 1/1
    80 | D:1      | Reached skill level 3 in Long Blades
   321 | D:1      | Gained mutation: You can steal the life force of nearby defeated enemies. [demonic ancestry]
   321 | D:1      | Reached XP level 2. HP: 22/22 MP: 2/2
   981 | D:1      | Reached XP level 3. HP: 13/27 MP: 3/3
  1154 | D:2      | Found an ancient bone altar of Kikubaaqudgha.
  1163 | D:2      | Noticed Jessica
  1188 | D:2      | Killed Jessica
  1188 | D:2      | Reached skill level 4 in Long Blades
  1350 | D:2      | Noticed Ijyb
  1365 | D:2      | Killed Ijyb
  1365 | D:2      | Gained mutation: You can steal the life force of defeated enemies. [demonic ancestry]
  1365 | D:2      | Reached XP level 4. HP: 30/33 MP: 4/4
  1731 | D:2      | Reached skill level 5 in Long Blades
  2003 | D:2      | Found an opulent altar of Gozag.
  2415 | D:2      | Gained mutation: You have a pair of small horns on your head. [demonic ancestry]
  2415 | D:2      | Reached XP level 5. HP: 38/38 MP: 5/5
  3209 | D:4      | Noticed timbw's ghost (weakling HESu)
  3221 | D:4      | Killed timbw's ghost
  3239 | D:4      | Noticed a phantom
  3301 | D:4      | Killed a phantom
  3301 | D:4      | Reached skill level 6 in Long Blades
  3301 | D:4      | Gained mutation: You are partially covered in sharp spines. [demonic ancestry]
  3301 | D:4      | Reached XP level 6. HP: 17/44 MP: 6/6
  3650 | D:4      | Found a stormy altar of Qazlal.
  3686 | D:4      | Became a worshipper of Qazlal Stormbringer
  3714 | D:4      | Noticed an ogre
  3721 | D:4      | Killed an ogre
  3754 | D:4      | Reached skill level 7 in Long Blades
  3809 | D:4      | Found Kaizi's Weapon Emporium.
  4076 | D:5      | Entered Level 5 of the Dungeon
  4479 | D:5      | Got a crude ring mail
  4490 | D:5      | Identified the +2 ring mail of the Boiling Point {Slay+3 Curse} (You found it on level 5 of the Dungeon)
  4506 | D:5      | Reached XP level 7. HP: 34/50 MP: 7/7
  4769 | D:5      | Reached skill level 8 in Long Blades
  5177 | D:6      | Found a shadowy altar of Dithmenos.
  5589 | D:6      | Gained mutation: You are partially covered in rough black scales (AC +4, Dex -1). [demonic ancestry]
  5589 | D:6      | Reached XP level 8. HP: 12/59 MP: 8/8
  5806 | D:6      | Found a staircase to the Ecumenical Temple.
  5818 | Temple   | Entered the Ecumenical Temple
  5899 | D:6      | Acquired Qazlal's first power
  6241 | D:6      | Acquired Qazlal's second power
  6241 | D:6      | Reached skill level 5 in Fighting
  6514 | D:7      | Found a stormy altar of Qazlal.
  6515 | D:7      | Found a burning altar of Makhleb.
  6716 | D:7      | Gained mutation: You are mostly covered in rough black scales (AC +7, Dex -2). [demonic ancestry]
  6716 | D:7      | Reached XP level 9. HP: 68/74 MP: 9/9
  7033 | D:7      | Found a sacrificial altar of Ru.
  7165 | D:8      | Acquired Qazlal's third power
  7185 | D:8      | Noticed Eustachio
  7189 | D:8      | Found a basalt altar of Yredelemnul.
  7206 | D:8      | Killed Eustachio
  7206 | D:8      | Reached skill level 9 in Fighting
  7812 | D:8      | Noticed Yukai's ghost (experienced VSAs)
  7830 | D:8      | Killed Yukai's ghost
  7830 | D:8      | Reached skill level 5 in Dodging
  8296 | D:9      | Reached XP level 10. HP: 85/85 MP: 10/10
  8541 | D:9      | Acquired Qazlal's fourth power
  8563 | D:9      | Noticed Erolcha
  8588 | D:9      | Killed Erolcha
  8703 | D:9      | Noticed a komodo dragon
  8706 | D:9      | Found a staircase to the Lair.
  8715 | D:9      | Reached skill level 5 in Invocations
  8735 | D:9      | Killed a komodo dragon
  9382 | D:9      | Gained mutation: You have sharp toenails. [potion of beneficial mutation]
  9504 | D:10     | Entered Level 10 of the Dungeon
  9596 | D:10     | Found Leupoliu's Magic Scroll Emporium.
  9638 | D:10     | Noticed Harold
  9655 | D:10     | Killed Harold
  9655 | D:10     | Reached skill level 10 in Long Blades
  9894 | D:10     | Noticed Grum
  9902 | D:10     | Killed Grum
  9973 | D:10     | Gained mutation: You have a pair of horns on your head. [demonic ancestry]
  9973 | D:10     | Reached XP level 11. HP: 90/90 MP: 21/21
  9977 | D:10     | Acquired Qazlal's fifth power
 10209 | D:11     | Noticed a hill giant
 10217 | D:11     | Killed a hill giant
 10300 | D:11     | Reached skill level 11 in Long Blades
 10441 | D:11     | Noticed a hill giant
 10450 | D:11     | Noticed a hill giant
 10479 | D:11     | Killed a hill giant
 10482 | D:11     | Noticed a centaur warrior
 10484 | D:11     | Killed a hill giant
 10508 | D:11     | Killed a centaur warrior
 10508 | D:11     | Reached skill level 12 in Long Blades
 10836 | D:11     | Noticed a hill giant
 10842 | D:11     | Killed a hill giant
 11257 | D:12     | Found Aluria's Distillery.
 11335 | D:12     | Bought 2 potions of heal wounds for 78 gold pieces
 11335 | D:12     | Bought a potion of agility for 32 gold pieces
 11346 | D:12     | Reached skill level 1 in Armour
 11382 | D:12     | Noticed a skeletal warrior
 11389 | D:12     | Noticed a skeletal warrior
 11396 | D:12     | Noticed a skeletal warrior
 11408 | D:12     | Killed a skeletal warrior
 11446 | D:11     | Killed a skeletal warrior
 11663 | D:12     | Noticed a skeletal warrior
 11667 | D:12     | Killed a skeletal warrior
 11667 | D:12     | Gained mutation: Your flesh is cold resistant. [demonic ancestry]
 11667 | D:12     | Reached XP level 12. HP: 82/97 MP: 22/22
 11694 | D:12     | Killed a skeletal warrior
 12192 | D:12     | Reached skill level 5 in Armour
 12205 | D:12     | Killed an unseen horror
 12259 | D:12     | Noticed a five-headed hydra
 12298 | D:12     | Killed a one-headed hydra
 12592 | D:12     | Found a staircase to the Orcish Mines.
 12918 | Lair:1   | Entered Level 1 of the Lair of Beasts
 13577 | Lair:1   | Got a pitted chain mail
 13740 | Lair:1   | Noticed a seven-headed hydra
 13754 | Lair:1   | Killed a one-headed hydra
 14016 | Lair:2   | Noticed an eight-headed hydra
 14027 | Lair:2   | Killed a two-headed hydra
 14560 | Lair:2   | Reached skill level 10 in Armour
 15020 | Lair:3   | Noticed an eight-headed hydra
 15037 | Lair:3   | Killed a three-headed hydra
 15084 | Lair:3   | Noticed a four-headed hydra
 15120 | Lair:3   | Killed a one-headed hydra
 15120 | Lair:3   | Gained mutation: You are completely covered in rough black scales (AC +10, Dex -3). [demonic ancestry]
 15120 | Lair:3   | Reached XP level 13. HP: 103/103 MP: 23/23
 15721 | Lair:3   | Found a hole to the Spider Nest.
 16330 | Lair:4   | Noticed ztt's ghost (experienced VSBe)
 16355 | Lair:4   | Killed ztt's ghost
 16892 | Lair:4   | Reached skill level 13 in Long Blades
 17593 | Lair:5   | Identified 2 scrolls of acquirement
 18932 | Lair:6   | Reached skill level 14 in Long Blades
 19214 | Lair:6   | Found a staircase to the Shoals.
 19897 | Lair:7   | Identified the Catalogue of Warped Aid
 20245 | Lair:7   | Identified the +2 chain mail of the Seven Ghosts {rF++ rC+ rN+ SInv Stlth-} (You found it on level 1 of the Lair of Beasts)
 20279 | Lair:7   | Got a heavily runed plate armour
 20290 | Lair:7   | Identified the +10 plate armour of Tedu {rF+} (You acquired it on level 7 of the Lair of Beasts)
 20814 | Lair:8   | Entered Level 8 of the Lair of Beasts
 20868 | Lair:8   | Reached XP level 14. HP: 68/109 MP: 20/24
 21091 | Lair:8   | Reached skill level 15 in Long Blades
 21631 | Lair:8   | Reached skill level 16 in Long Blades
 21859 | Lair:8   | Paralysed by a yellow wasp for 1 turns
 22427 | Lair:8   | Found a staircase to the Slime Pits.
 22985 | Orc:1    | Entered Level 1 of the Orcish Mines
 23148 | Orc:1    | Noticed Blork the orc
 23152 | Orc:1    | Killed Blork the orc
 23397 | Orc:1    | Found Foasse Zate's Magic Scroll Boutique.
 23984 | Orc:2    | Noticed Maurice
 24016 | Orc:2    | Killed Maurice
 24495 | Orc:3    | Noticed Snorg
 24509 | Orc:3    | Killed Snorg
 24509 | Orc:3    | Gained mutation: You are mostly covered in sharp spines. [demonic ancestry]
 24509 | Orc:3    | Reached XP level 15. HP: 92/115 MP: 18/25
 24561 | Orc:3    | Noticed Sonja
 24564 | Orc:3    | Killed Sonja
 24681 | Orc:3    | Noticed Donald
 24709 | Orc:3    | Paralysed by an orc sorcerer for 7 turns
 24768 | Orc:3    | Killed Donald
 25034 | Orc:4    | Entered Level 4 of the Orcish Mines
 25122 | Orc:4    | Found a roughly hewn altar of Beogh.
 25447 | Orc:4    | Found Smen's General Store.
 25456 | Orc:4    | Bought a potion of curing for 26 gold pieces
 25473 | Orc:4    | Found a staircase to the Elven Halls.
 25760 | Orc:4    | Noticed Psyche
 25767 | Orc:4    | Killed Psyche
 26269 | Orc:4    | Found Prunin's Antique Armour Emporium.
 26270 | Orc:4    | Found Bloc's Food Emporium.
 26270 | Orc:4    | Found Uximub's Book Shoppe.
 26270 | Orc:4    | Found Smuylergh's Magic Scroll Emporium.
 26286 | Orc:4    | Bought a pair of boots for 130 gold pieces
 26286 | Orc:4    | Bought a pair of gloves for 130 gold pieces
 26286 | Orc:4    | Bought a bloodstained plate armour for 812 gold pieces
 26307 | Orc:4    | Identified the cursed -5 plate armour of Gluttony {+Fly MR++} (You bought it in a shop on level 4 of the Orcish Mines)
 26819 | D:13     | Found a gate to the Vaults.
 26876 | D:13     | Reached skill level 15 in Armour
 27572 | D:14     | Found a labyrinth entrance.
 27586 | Lab      | Entered a labyrinth
 27685 | Lab      | Got a shimmering turquoise ring
 28462 | D:15     | Entered Level 15 of the Dungeon
 28662 | D:15     | Found a staircase to the Depths.
 28688 | D:15     | Reached skill level 17 in Long Blades
 29026 | D:15     | Identified the ring of Ephemeral Luck {Str+3 Dex+3} (You took it off a minotaur in a labyrinth)
 29716 | Depths:1 | Entered Level 1 of the Depths
 29718 | Depths:1 | Noticed Wiglaf
 30070 | Shoals:1 | Entered Level 1 of the Shoals
 30466 | Shoals:1 | Noticed Josephine
 30475 | Lair:6   | Reached XP level 16. HP: 100/122 MP: 25/25
 30693 | Shoals:1 | Killed Josephine
 30693 | Shoals:1 | Reached skill level 10 in Fighting
 31490 | Shoals:2 | Noticed Jorgrun
 31500 | Shoals:2 | Noticed Polyphemus
 31528 | Shoals:2 | Killed Polyphemus
 32515 | Shoals:2 | Killed Jorgrun
 33223 | Shoals:3 | Found Fizoiv's Gadget Shop.
 33236 | Shoals:3 | Found Ropeor's Armour Boutique.
 33241 | Shoals:3 | Found Wunant's Distillery.
 34928 | Spider:1 | Entered Level 1 of the Spider Nest
 35234 | Spider:1 | Noticed Emanloe's ghost (powerful MiBe)
 35244 | Spider:1 | Killed Emanloe's ghost
 35852 | Spider:1 | Reached skill level 5 in Throwing
 36241 | Spider:2 | Reached XP level 17. HP: 138/138 MP: 26/26
 36620 | Spider:2 | Noticed Arachne
 36635 | Spider:2 | Killed Arachne
 37054 | Spider:2 | You fall through a shaft for 2 floors!
 38689 | Spider:3 | Noticed Rupert
 38710 | Spider:3 | Killed Rupert
 40145 | Spider:5 | Entered Level 5 of the Spider Nest
 41121 | Spider:5 | Reached skill level 10 in Invocations
 42333 | Spider:5 | Got a gossamer rune of Zot
 42644 | Lair:1   | Upgraded the game from 0.16-a0-1970-g0967df0 to 0.16-a0-1982-g8124c91
 42877 | Elf:1    | Entered Level 1 of the Elven Halls
 43021 | Elf:1    | Gained mutation: You have a pair of large horns on your head. [demonic ancestry]
 43021 | Elf:1    | Reached XP level 18. HP: 147/147 MP: 32/32
 43141 | Elf:1    | Reached skill level 18 in Long Blades
 43268 | Elf:1    | Found Pidool's Antique Weapon Emporium.
 43500 | Elf:1    | Identified Sycsuoza's Collected Works on Confrontation
 43556 | Elf:1    | Found Psyocian's Antique Armour Boutique.
 43665 | Elf:1    | Found Inei's Assorted Antiques.
 43665 | Elf:1    | Found Ghes' Distillery.
 43671 | Elf:1    | Bought a pair of transparent boots for 313 gold pieces
 43671 | Elf:1    | Bought a murky grey potion for 29 gold pieces
 43683 | Elf:1    | Identified the +2 pair of boots of Deadave {Slay+3} (You bought it in a shop on level 1 of the Elven Halls)
 43870 | Elf:1    | Noticed Asterion
 43893 | Elf:1    | Killed Asterion
 44622 | Elf:2    | Found a deep blue altar of Sif Muna.
 44927 | Elf:2    | Noticed a Brimstone Fiend
 45107 | Elf:2    | Got a faintly glowing brass amulet
 45109 | Elf:2    | Identified a +1 rod of the swarm (0/14) (You took it off a deep elf demonologist on level 2 of the Elven Halls)
 45111 | Elf:2    | Identified the amulet "Hik Skia" {Ward rN+ Dex+2} (You took it off a deep elf demonologist on level 2 of the Elven Halls)
 45322 | Elf:2    | Found Gaituest's Assorted Antiques.
 45343 | Elf:2    | Bought an encrusted diamond ring for 120 gold pieces
 45442 | Elf:2    | Reached skill level 19 in Long Blades
 46286 | Elf:3    | Entered Level 3 of the Elven Halls
 46602 | Elf:3    | Found a gateway to a bazaar.
 46607 | Bazaar   | Entered a bazaar
 46609 | Bazaar   | Found Pruetau's General Store.
 46619 | Bazaar   | Found Xuajuat's Gadget Emporium.
 46644 | Bazaar   | Found Qagac's General Store.
 46653 | Bazaar   | Found Ghyeluho's Assorted Antiques.
 47209 | Elf:3    | Noticed Aizul
 47234 | Elf:3    | Reached skill level 20 in Long Blades
 47250 | Elf:3    | Killed Aizul
 47299 | Elf:3    | Cast into the Abyss (a deep elf sorcerer)
 47485 | Abyss:1  | Reached XP level 19. HP: 42/153 MP: 32/32
 47623 | Abyss:1  | Noticed a profane servitor
 47949 | Abyss:1  | Noticed a bone dragon
 47974 | Abyss:1  | Killed a bone dragon
 48082 | Abyss:1  | Paralysed by accursed screaming for 1 turns
 48096 | Abyss:1  | Paralysed by accursed screaming for 1 turns
 48115 | Abyss:1  | Killed from afar by a hellion

Action                   |  1- 3 |  4- 6 |  7- 9 | 10-12 | 13-15 | 16-18 | 19-21 || total
-------------------------+-------+-------+-------+-------+-------+-------+-------++-------
Melee: Long sword        |   111 |   270 |   407 |    78 |       |       |       ||   866
       Falchion          |       |       |       |   992 |   870 |       |       ||  1862
       Unarmed           |       |       |       |    37 |       |       |       ||    37
       Double sword      |       |       |       |       |  1580 |  1703 |   147 ||  3430
       Scimitar          |       |       |       |       |     1 |       |       ||     1
 Fire: Blowgun           |       |       |       |       |       |    54 |       ||    54
Throw: Throwing net      |     1 |     1 |       |     1 |       |       |       ||     3
       Tomahawk          |       |    26 |    32 |    91 |    53 |       |       ||   202
       Javelin           |       |       |       |     5 |       |    66 |       ||    71
Invok: Upheaval          |       |       |       |     2 |    31 |    21 |     1 ||    55
       Elemental Force   |       |       |       |       |     1 |     1 |       ||     2
Evoke: Wand              |       |       |       |       |       |     2 |     1 ||     3
  Use: Scroll            |       |     8 |     1 |    15 |    17 |    18 |     1 ||    60
       Potion            |       |       |     1 |     1 |       |     6 |     3 ||    11
 Stab: Held in net/web   |     1 |       |       |       |       |       |       ||     1
       Sleeping          |       |     2 |       |       |       |       |       ||     2
       Distracted        |       |       |       |     1 |     1 |       |     1 ||     3
  Eat: Chunk             |     1 |     9 |    15 |    21 |    46 |    13 |       ||   105
       Beef jerky        |       |     1 |       |       |       |     2 |       ||     3
       Pizza             |       |       |       |     1 |     1 |     4 |       ||     6
       Meat ration       |       |       |       |       |     1 |     5 |       ||     6
       Fruit             |       |       |       |       |     1 |     6 |     4 ||    11
